Map: Blackpink LE

Players

NinjaKWick - Winner!

  • Race: Terran Terran
  • League: Diamond
  • Spawn Location: 7:00

ONTILT

  • Race: Zerg Zerg
  • League: Diamond
  • Spawn Location: 1:00

VOD

Have the link to the VOD?

Description

One of my ladder games using a build inspired by TOP.

Time

  • Played on: March 17, 2018, 9:32 p.m.
  • Length: 6:03
Show
View Real Time Build Order
Export as new Build Order

NinjaKWick Terran - Winner!

Build Orders: Hellion Opening, Reaper Expand 

Get SALT Encoding   

  12  0:01  SCV  
  13  0:13  SCV  
  14  0:17  Supply Depot  
  14  0:25  SCV  
  14  0:28  Refinery  
  15  0:39  SCV  
  16  0:45  Barracks  
  16  0:51  SCV  
  17  1:03  SCV  
  18  1:15  SCV  
  19  1:32  Reaper, Orbital Command  
  20  1:47  Command Center  
  20  1:59  SCV  
  21  2:03  Factory  
  21  2:11  SCV  
  22  2:15  Barracks Reactor  
  22  2:20  Supply Depot  
  22  2:21  Refinery  
  22  2:23  SCV  
  23  2:42  SCV  
  23  2:54  SCV  
  23  2:55  Starport  
  24  2:58  Barracks Tech Lab  
  24  3:01  Hellion x2, Orbital Command  
  28  3:06  SCV  
  29  3:19  SCV  
  30  3:21  Supply Depot  
  30  3:23  Hellion x2  
  34  3:31  SCV x2  
  31  3:34  Medivac  
  38  3:42  Armory  
  38  3:43  SCV  
  38  3:46  SCV  
  40  3:51  Hellion  
  44  3:56  Hellion  
  44  3:58  SCV x2  
  44  4:02  Supply Depot  
  46  4:06  Liberator  
  46  4:12  SCV x2  
  46  4:16  Hellion  
  52  4:17  Hellion  
  55  4:25  Supply Depot  
  55  4:26  SCV  
  55  4:27  SCV  
  57  4:37  Hellion  
  61  4:38  Hellion  
  61  4:40  SCV  
  62  4:47  SCV  
  62  4:49  Supply Depot  
  63  4:59  SCV  
  64  5:00  Hellion x2  
  68  5:08  Command Center  
  68  5:12  Supply Depot  
  68  5:18  SCV  
  68  5:19  SCV  
  66  5:23  Refinery  
  66  5:26  Engineering Bay x2, Refinery  
  62  5:32  SCV x2  
  62  5:33  Hellion  
  62  5:34  Hellion  
  66  5:40  Supply Depot  
  66  5:41  Starport Reactor  
  64  5:48  Barracks  
  64  5:52  Barracks  
Show
View Real Time Build Order
Export as new Build Order

ONTILT Zerg 

Build Orders: Hatch First 

Get SALT Encoding   

  12  0:01  Drone  
  13  0:13  Overlord  
  13  0:18  Drone  
  14  0:31  Drone x2  
  16  0:36  Drone  
  17  0:46  Drone  
  18  0:57  Hatchery  
  18  0:59  Drone  
  18  1:08  Drone  
  18  1:09  Extractor  
  18  1:18  Spawning Pool  
  17  1:21  Drone  
  18  1:35  Drone  
  19  1:42  Drone  
  20  2:01  Hatchery  
  19  2:04  Queen  
  21  2:09  Metabolic Boost  
  21  2:11  Drone  
  21  2:13  Drone  
  23  2:19  Drone  
  24  2:24  Drone  
  24  2:25  Drone  
  26  2:33  Extractor  
  26  2:35  Queen  
  27  2:53  Drone  
  27  2:56  Extractor  
  27  3:03  Zergling x2  
  28  3:07  Lair, Baneling Nest  
  28  3:11  Zergling x2  
  28  3:13  Queen  
  28  3:14  Drone  
  28  3:15  Drone  
  28  3:18  Overlord  
  32  3:37  Drone x2  
  32  3:40  Zergling x8  
  38  3:41  Overlord  
  36  3:57  Spine Crawler  
  36  3:58  Spine Crawler  
  36  4:00  Spine Crawler  
  33  4:04  Drone x2  
  33  4:07  Drone  
  36  4:12  Drone  
  36  4:13  Drone  
  36  4:15  Drone  
  39  4:18  Drone  
  39  4:21  Drone  
  41  4:27  Drone x2  
  43  4:37  Roach Warren  
  42  4:42  Drone x3  
  45  4:46  Drone x2  
  45  4:48  Drone  
  45  4:50  Drone  
  49  4:54  Overlord  
  49  4:57  Drone  
  50  5:05  Overlord  
  45  5:27  Queen  
  37  5:40  Roach x6  
  37  5:41  Roach x6  
Tags
 
Add a new tag
Caveats
  • Supply blocks, unpowered buildings, or Contaminate may cause inaccurate times.
  • Supply counts are checked every 10 seconds.